 Dungeon Crawl Stone Soup version 0.22.0-49-gab54619674 (webtiles) character file.

105 Kaderl the Shooter (level 5, -2/39 HPs)
             Began as a Human Hunter on Sept 8, 2018.
             Slain by a scorpion (4 damage)
             ... on level 3 of the Dungeon.
             The game lasted 00:08:02 (1829 turns).

Kaderl the Shooter (Human Hunter)                   Turns: 1829, Time: 00:08:03

Health: -2/39      AC:  3    Str: 12    XL:     5   Next: 8%
Magic:  5/5        EV: 12    Int: 12    God:
Gold:   147        SH:  0    Dex: 14    Spells: 4/4 levels left

rFire    . . .     SeeInvis .   a - +1 shortbow
rCold    . . .     Gourm    .   (shield currently unavailable)
rNeg     . . .     Faith    .   c - +0 leather armour
rPois    .         Spirit   .   (no helmet)
rElec    .         Reflect  .   (no cloak)
rCorr    .         Harm     .   (no gloves)
MR       .....                  (no boots)
Stlth    ++........             (no amulet)
HPRegen  0.13/turn              (no ring)
MPRegen  0.09/turn              (no ring)

@: lethally poisoned (-2 -> -13)
A: no striking features
a: no special abilities


You were on level 3 of the Dungeon.
You were not hungry.

You visited 1 branch of the dungeon, and saw 4 of its levels.

You collected 147 gold pieces.

Inventory:

Hand Weapons
 a - a +1 shortbow (weapon)
 b - a +0 short sword
Missiles
 d - 40 arrows (quivered)
Armour
 c - a +0 leather armour (worn)
 j - a +1 pair of boots of flying
Jewellery
 n - an uncursed ring of protection from fire {unknown}
Scrolls
 e - 3 scrolls of identify
 h - 2 scrolls of remove curse
 o - a scroll of teleportation {unknown}
Potions
 g - a potion of heal wounds {unknown}
 i - a potion of resistance {unknown}
 k - a potion of berserk rage {unknown}
 l - a potion of mutation {unknown}
 m - a potion of degeneration {unknown}
Comestibles
 f - 6 rations


   Skills:
 + Level 2.7 Fighting
 + Level 1.2 Short Blades
 + Level 5.0 Bows
 + Level 1.2 Armour
 + Level 2.1 Dodging
 + Level 1.5 Stealth


You had 4 spell levels left.
You didn't know any spells.
Your spell library was empty.

Dungeon Overview and Level Annotations

Branches:
Dungeon (4/15)
 Temple: D:4-7

Altars:
Elyvilon
Yredelemnul


Message History

You shoot an arrow. The arrow hits the gnoll.
The gnoll is heavily wounded.
* * * LOW HITPOINT WARNING * * *
You feel sick. The gnoll misses you. The scorpion stings you.
* * * LOW HITPOINT WARNING * * *
Firing (i - inventory)
d - 42 arrows (quivered)
Press: ? - help, Shift-Dir - straight line, f/p - gnoll
Aim: a gnoll, wielding a halberd (heavily wounded)
You shoot an arrow. The arrow closely misses the gnoll.
* * * LOW HITPOINT WARNING * * *
You feel sick. The gnoll closely misses you. The scorpion stings you.
* * * LOW HITPOINT WARNING * * *
Firing (i - inventory)
d - 41 arrows (quivered)
Press: ? - help, Shift-Dir - straight line, f/p - gnoll
Aim: a gnoll, wielding a halberd (heavily wounded)
You shoot an arrow. The arrow hits the gnoll.
The gnoll is almost dead.
* * * LOW HITPOINT WARNING * * *
You feel sick. The scorpion stings you.
You die...

(#......# ####.######## #...
.#......# #...# #....##### ##..
.#......# #...# #.##.#...# #..
(#......####...###.##.#.#.### #..
....##...รท..##..(#.##)#....)###..
######......####.#.##.#.#.#....#.
#.......>##.#.##.#.#.#....#.
##........##g#..#.....##..... ###
#.........##@##.#.#....#..##. ..#
###.###...##s##.#....#.#.....
..#####.# #...##.##....#.#.#.....
..##....# ######.<.......#.#####.
.....###### #.....##...###....##.
......#...# #.###.....##....#.###
........#.# #.......####.#....###
......###.# #.......# #.#.......
##....###.# ##......# #...##.#..


You could see a scorpion and a gnoll.

Vanquished Creatures
  Natasha (twice) (D:3)
  A gnoll (D:3)
  An adder (D:3)
  2 worms
  6 bats
  A giant cockroach (D:2)
  2 hobgoblins
  4 jackals (D:3)
  7 kobolds
  A ball python (D:2)
  5 goblins
  3 rats
35 creatures vanquished.

Notes
Turn   | Place    | Note
-------+----------+-------------------------------------------
     0 | D:1      | Kaderl the Human Hunter began the quest for the Orb.
     0 | D:1      | Reached XP level 1. HP: 16/16 MP: 1/1
   447 | D:1      | Reached XP level 2. HP: 21/22 MP: 2/2
   938 | D:2      | Reached XP level 3. HP: 15/27 MP: 3/3
  1281 | D:3      | Noticed Natasha
  1288 | D:3      | Killed Natasha
  1288 | D:3      | Reached skill level 1 in Armour
  1288 | D:3      | Reached XP level 4. HP: 27/33 MP: 4/4
  1360 | D:3      | Found a faded altar of an unknown god.
  1374 | D:3      | Found a white marble altar of Elyvilon.
  1610 | D:3      | Found a basalt altar of Yredelemnul.
  1664 | D:3      | Noticed Natasha
  1669 | D:3      | Killed Natasha
  1669 | D:3      | Reached skill level 5 in Bows
  1813 | D:3      | Reached skill level 1 in Short Blades
  1813 | D:3      | Reached XP level 5. HP: 36/39 MP: 5/5
  1829 | D:3      | Slain by a scorpion

Skill      XL: |  1  2  3  4 |
---------------+-------------+-----
Armour         | 1 |  1.2
Bows           | 5 |  5.0
Short Blades   | 1 |  1.2
Fighting       | |  2.7
Dodging        | |  2.1
Stealth        | |  1.5

Action                   |  1- 3 |  4- 6 || total
-------------------------+-------+-------++-------
Melee: Short sword       |    73 |    28 ||   101
 Fire: Shortbow          |    29 |    21 ||    50
  Use: Scroll            |     1 |     2 ||     3
  Eat: Ration            |     1 |       ||     1
Armor: Leather armour    |    27 |     8 ||    35
Dodge: Dodged            |    72 |    30 ||   102
